Blackhawks vs Bruins

Created - 15 novembre 2016 at 19:42

Goals
1 2 3 T
Blackhawks 1 2 0 3
Bruins 3 2 1 6
Shots
1 2 3 T
Blackhawks 6 8 12 26
Bruins 17 10 14 41

1st period

1. Bruins , Jarome Iginla 4 (Henrik Sedin, Wojtek Wolski) at 1:33
2. Blackhawks , Derick Brassard 7 (Patrick Kane) at 4:47 (PP)
3. Bruins , Wojtek Wolski 5 (Henrik Sedin, Andrew Alberts) at 13:31
4. Bruins , Wojtek Wolski 6 (Henrik Sedin, Andrew Alberts) at 15:41

Penalties :
Jarome Iginla (Bos) for Hooking (Minor) at 4:42, Nate Prosser (Bos) for Roughing (Minor) at 7:45, Dave Tanabe (Chi) for Tripping (Minor) at 16:24

2nd period

5. Blackhawks , Patrick Kane 7 (Derick Brassard) at 0:50
6. Blackhawks , Denis Grebeshkov 2 (Kurt Sauer, Patrick Kane) at 17:42 (PP)
7. Bruins , Wojtek Wolski 7 (Jason Demers, Henrik Sedin) at 17:56
8. Bruins , Matt Cooke 4 (Andrew Alberts, Daymond Langkow) at 18:19

Penalties :
Wojtek Wolski (Bos) for Roughing (Minor) at 3:35, Victor Oreskovich (Bos) for Interference (Minor) at 7:16, Henrik Sedin (Bos) for Roughing (Minor) at 17:34, Joni Pitkanen (Chi) for Hooking (Minor) at 18:26

3rd period

9. Bruins , Henrik Sedin 5 (Wojtek Wolski, Jarome Iginla) at 5:01 (PP)

Penalties :
Denis Grebeshkov (Chi) for Hooking (Minor) at 4:52, Victor Oreskovich (Bos) for Slashing (Minor) at 9:00, Peter Regin (Chi) for Tripping (Minor) at 11:24

Goalie Stats

Jimmy Howard (Chi), 35 saves from 41 shots - (0,854), L, 2-4-1, 60:00 minutes
Roberto Luongo (Bos), 23 saves from 26 shots - (0,885), W, 5-3-0, 60:00 minutes

Players Stats for Blackhawks

Player Name              G  A  P  +/- PIM S  H  SB GA TA FO     MP     PP MP  PK MP  
------------------------------------------------------------------------------------
Antoine Roussel          0  0  0  -1  0   1  2  0  0  0  0/0    20:11   4:49   0:00 
Brian Sutherby           0  0  0  -1  0   1  0  1  0  0  1/2     7:50   0:00   0:00 
Carson Mcmillan          0  0  0  -1  0   1  0  0  0  1  0/0     7:50   0:00   0:00 
Dave Tanabe              0  0  0   0  2   2  0  0  0  0  0/0    11:42   0:00   0:00 
David Hale               0  0  0   0  0   0  0  0  0  0  0/0    12:59   0:00   1:19 
Denis Grebeshkov         1  0  1  -2  2   2  1  2  0  0  0/0    19:18   3:09   2:32 
Derick Brassard          1  1  2  -1  0   4  2  1  0  1  18/38  23:45   4:50   3:16 
Ian White                0  0  0  -2  0   2  1  2  0  0  0/0    29:01   5:00   3:34 
Jonathan Toews           0  0  0  -2  0   2  0  0  1  0  8/16   17:16   3:08   1:27 
Joni Pitkanen            0  0  0  -2  2   2  2  3  1  1  0/0    27:58   5:00   2:15 
Kurt Sauer               0  1  1  -2  0   1  1  1  1  0  0/0    19:19   3:09   2:32 
Niclas Bergfors          0  0  0  -2  0   1  3  0  2  0  0/0    17:16   3:08   1:27 
Oleg Saprykin            0  0  0  -1  0   0  0  0  0  0  0/0     9:28   0:00   1:20 
Patrick Kaleta           0  0  0   0  0   1  1  2  1  1  1/2    11:04   0:04   1:30 
Patrick Kane             1  2  3  -1  0   3  0  0  1  0  2/6    23:53   4:57   3:12 
Peter Regin              0  0  0   0  2   2  1  0  1  0  1/4     9:45   0:11   0:00 
Ryan Hollweg             0  0  0  -2  0   0  1  0  0  0  0/1    15:46   3:08   0:00 
Tomas Fleischmann        0  0  0   0  0   1  1  0  1  0  0/0     9:29   0:12   0:00 

Players Stats for Bruins

Player Name              G  A  P  +/- PIM S  H  SB GA TA FO     MP     PP MP  PK MP  
------------------------------------------------------------------------------------
Adam Pineault            0  0  0   0  0   2  0  0  0  0  0/0    10:32   0:25   0:00 
Andrew Alberts           0  3  3   3  0   0  5  4  0  0  0/0    28:41   3:41   4:50 
Curtis Glencross         0  0  0   0  0   0  0  0  1  0  3/4    12:16   0:00   3:26 
Dave Bolland             0  0  0   0  0   2  1  1  0  1  2/4    11:50   0:25   0:50 
Daymond Langkow          0  1  1   0  0   1  1  0  0  0  7/16   14:31   2:32   0:00 
Erik Condra              0  0  0   0  0   3  1  0  0  0  0/0     8:50   0:00   0:00 
Henrik Sedin             1  4  5   4  2   8  2  1  0  0  18/28  22:35   3:09   4:44 
Jarome Iginla            1  1  2   4  2   3  3  1  0  1  2/4    19:55   3:09   2:26 
Jason Demers             0  1  1   3  0   1  2  0  0  3  0/0    28:41   3:41   4:50 
Justin Falk              0  0  0   1  0   0  1  0  0  0  0/0    19:36   2:25   3:19 
Keaton Ellerby           0  0  0   0  0   1  0  0  0  1  0/0    11:43   0:00   0:00 
Mark Stuart              0  0  0   1  0   0  0  1  0  0  0/0    19:36   2:25   3:19 
Matt Cooke               1  0  1   0  0   4  4  0  0  0  1/2    15:25   2:32   0:48 
Matt Hendricks           0  0  0   0  0   2  4  1  1  1  2/3     8:50   0:00   0:00 
Nate Prosser             0  0  0   0  2   1  1  2  0  0  0/0    11:42   0:00   0:00 
Victor Oreskovich        0  0  0   0  4   3  1  0  0  2  1/3    15:29   2:32   0:49 
Viktor Stalberg          0  0  0   0  0   2  2  1  1  0  0/0    10:32   0:25   0:00 
Wojtek Wolski            3  2  5   4  2   8  2  0  1  0  2/5    21:01   3:09   3:15 

3 Stars

1 - Wojtek Wolski (Bos)
2 - Henrik Sedin (Bos)
3 - Andrew Alberts (Bos)

Power Play

Blackhawks - 2 on 6 Attempt(s) - 33,33%
Bruins - 1 on 4 Attempt(s) - 25,00%

Penalty Kill

Blackhawks - 3 on 4 Attempt(s) - 75,00% - Score 0 goal in Penalty Kill
Bruins - 4 on 6 Attempt(s) - 66,67% - Score 0 goal in Penalty Kill

Team Stat

Blackhawks - Hits : 16 - Faceoff Wins : 31 - Blocked Shots : 12 - Penalty Minutes : 8
Bruins - Hits : 30 - Faceoff Wins : 38 - Blocked Shots : 12 - Penalty Minutes : 12

Official

Referees : Banfield David and McCreary Bill
Linesman : Shane Heyer and Vaughan Rody

Game Notes

1:33 of 1st period - Bruins goal is going for a video replay. After video review, Goal.
Wojtek Wolski has scored a Hat Trick!

Finance

Level 1 -- Attendance: 4233 (70,55%) -- Ticket Income 419 067 $
Level 2 -- Attendance: 4017 (80,34%) -- Ticket Income 237 003 $
Level 3 -- Attendance: 2000 (100,00%) -- Ticket Income 58 000 $
Level 4 -- Attendance: 3695 (92,38%) -- Ticket Income 70 205 $
Luxury Box -- Attendance: 727 (72,70%) -- Ticket Income 137 403 $
Game was played at the TD Banknorth Garden.
Total Attendance: 14672 (81,51%)
Total Ticket Income: 921 678 $
Other Income: 138 252 $
Total Income: 1 059 930 $

Blackhawks

5 vs 5 Forward 
   Center                   Left Wing                Right Wing               Time % Phy DF OF 
 1 Derick Brassard          Antoine Roussel          Patrick Kane             40     1   2  2  
 2 Jonathan Toews           Ryan Hollweg             Niclas Bergfors          30     1   2  2  
 3 Peter Regin              Tomas Fleischmann        Patrick Kaleta           20     1   2  2  
 4 Brian Sutherby           Oleg Saprykin            Carson Mcmillan          10     1   2  2  

5 vs 5 Defense 
   Defense                  Defense                                           Time % Phy DF OF 
 1 Ian White                Joni Pitkanen                                     40     1   2  2  
 2 Kurt Sauer               Denis Grebeshkov                                  30     1   2  2  
 3 Dave Tanabe              David Hale                                        20     1   2  2  
 4 Ian White                Joni Pitkanen                                     10     1   2  2  

PowerPlay Forward 
   Center                   Left Wing                Right Wing               Time % Phy DF OF 
 1 Derick Brassard          Antoine Roussel          Patrick Kane             60     1   2  2  
 2 Jonathan Toews           Ryan Hollweg             Niclas Bergfors          40     1   2  2  

PowerPlay Defense
   Defense                  Defense                                           Time % Phy DF OF 
 1 Ian White                Joni Pitkanen                                     60     1   2  2  
 2 Kurt Sauer               Denis Grebeshkov                                  40     1   2  2  

Penalty Kill 4 Players Forward 
   Center                   Wing                     Time % Phy DF OF 
 1 Patrick Kane             Derick Brassard          60     1   2  2  
 2 Jonathan Toews           Niclas Bergfors          40     1   2  2  

Penalty Kill 4 Players Defense
   Defense                  Defense                  Time % Phy DF OF 
 1 Ian White                Joni Pitkanen            60     1   2  2  
 2 Kurt Sauer               Denis Grebeshkov         40     1   2  2  

Penalty Kill - 3 Players Forward 
   Forward                                           Time % Phy DF OF 
 1 Patrick Kane                                      60     1   2  2  
 2 Derick Brassard                                   40     1   2  2  

Penalty Kill - 3 Players Defense
   Defense                  Defense                  Time % Phy DF OF 
 1 Ian White                Joni Pitkanen            60     1   2  2  
 2 Kurt Sauer               Denis Grebeshkov         40     1   2  2  

4 vs 4 Forward 
   Center                   Wing                     Time % Phy DF OF 
 1 Patrick Kane             Derick Brassard          60     1   2  2  
 2 Jonathan Toews           Niclas Bergfors          40     1   2  2  

4 vs 4 Defense
   Defense                  Defense                  Time % Phy DF OF 
 1 Ian White                Joni Pitkanen            60     1   2  2  
 2 Kurt Sauer               Denis Grebeshkov         40     1   2  2  

Last Minutes Offensive
   Center                   Left Wing                Right Wing               Defense                  Defense                  
   Derick Brassard          Antoine Roussel          Patrick Kane             Ian White                Joni Pitkanen            

Last Minutes Defensive
   Center                   Left Wing                Right Wing               Defense                  Defense                  
   Derick Brassard          Antoine Roussel          Patrick Kane             Ian White                Joni Pitkanen            

Goaltenders
Starting : Jimmy Howard             
Backup : Al Montoya               

Extra Forwards
Normal : Tomas Fleischmann, Peter Regin, Patrick Kaleta - PP : Tomas Fleischmann, Peter Regin - PK : Patrick Kaleta
Extra Defensemen
Normal : Dave Tanabe, David Hale, Kurt Sauer - PP : Dave Tanabe - PK : David Hale, Kurt Sauer
Penalty Shots
Patrick Kane, Derick Brassard, Jonathan Toews, Niclas Bergfors, Antoine Roussel

Bruins

5 vs 5 Forward 
   Center                   Left Wing                Right Wing               Time % Phy DF OF 
 1 Henrik Sedin             Wojtek Wolski            Jarome Iginla            40     1   2  2  
 2 Daymond Langkow          Matt Cooke               Victor Oreskovich        30     1   2  2  
 3 Dave Bolland             Viktor Stalberg          Adam Pineault            20     1   2  2  
 4 Matt Hendricks           Curtis Glencross         Erik Condra              10     1   2  2  

5 vs 5 Defense 
   Defense                  Defense                                           Time % Phy DF OF 
 1 Jason Demers             Andrew Alberts                                    40     1   2  2  
 2 Justin Falk              Mark Stuart                                       30     1   2  2  
 3 Nate Prosser             Keaton Ellerby                                    20     1   2  2  
 4 Jason Demers             Andrew Alberts                                    10     1   2  2  

PowerPlay Forward 
   Center                   Left Wing                Right Wing               Time % Phy DF OF 
 1 Henrik Sedin             Wojtek Wolski            Jarome Iginla            60     1   2  2  
 2 Daymond Langkow          Matt Cooke               Victor Oreskovich        40     1   2  2  

PowerPlay Defense
   Defense                  Defense                                           Time % Phy DF OF 
 1 Jason Demers             Andrew Alberts                                    60     1   2  2  
 2 Justin Falk              Mark Stuart                                       40     1   2  2  

Penalty Kill 4 Players Forward 
   Center                   Wing                     Time % Phy DF OF 
 1 Wojtek Wolski            Henrik Sedin             60     1   2  2  
 2 Jarome Iginla            Victor Oreskovich        40     1   2  2  

Penalty Kill 4 Players Defense
   Defense                  Defense                  Time % Phy DF OF 
 1 Jason Demers             Andrew Alberts           60     1   2  2  
 2 Justin Falk              Mark Stuart              40     1   2  2  

Penalty Kill - 3 Players Forward 
   Forward                                           Time % Phy DF OF 
 1 Wojtek Wolski                                     60     1   2  2  
 2 Henrik Sedin                                      40     1   2  2  

Penalty Kill - 3 Players Defense
   Defense                  Defense                  Time % Phy DF OF 
 1 Jason Demers             Andrew Alberts           60     1   2  2  
 2 Justin Falk              Mark Stuart              40     1   2  2  

4 vs 4 Forward 
   Center                   Wing                     Time % Phy DF OF 
 1 Wojtek Wolski            Henrik Sedin             60     1   2  2  
 2 Jarome Iginla            Victor Oreskovich        40     1   2  2  

4 vs 4 Defense
   Defense                  Defense                  Time % Phy DF OF 
 1 Jason Demers             Andrew Alberts           60     1   2  2  
 2 Justin Falk              Mark Stuart              40     1   2  2  

Last Minutes Offensive
   Center                   Left Wing                Right Wing               Defense                  Defense                  
   Henrik Sedin             Wojtek Wolski            Jarome Iginla            Jason Demers             Andrew Alberts           

Last Minutes Defensive
   Center                   Left Wing                Right Wing               Defense                  Defense                  
   Henrik Sedin             Wojtek Wolski            Jarome Iginla            Jason Demers             Andrew Alberts           

Goaltenders
Starting : Roberto Luongo           
Backup : Karri Ramo               

Extra Forwards
Normal : Dave Bolland, Viktor Stalberg, Curtis Glencross - PP : Dave Bolland, Viktor Stalberg - PK : Curtis Glencross
Extra Defensemen
Normal : Nate Prosser, Keaton Ellerby, Justin Falk - PP : Nate Prosser - PK : Keaton Ellerby, Justin Falk
Penalty Shots
Wojtek Wolski, Henrik Sedin, Jarome Iginla, Victor Oreskovich, Matt Cooke

% Time on Ice - Blackhawks

Lines # - Real PCT - Wanted PCT - Time Play
Normal Forward
1 - 36% - 40% - 16:19
2 - 28% - 30% - 12:41
3 - 19% - 20% - 8:55
4 - 17% - 10% - 7:50
Normal Defense
1 - 41% - 40% - 18:52
2 - 30% - 30% - 13:38
3 - 26% - 20% - 11:40
4 - 3% - 10% - 1:35
PP Forward
1 - 62% - 60% - 5:01
2 - 38% - 40% - 3:08
PP Defense
1 - 61% - 60% - 5:00
2 - 39% - 40% - 3:09
PK Forward
1 - 76% - 60% - 4:39
2 - 24% - 40% - 1:27
PK Defense
1 - 58% - 60% - 3:34
2 - 42% - 40% - 2:32
PK3 Forward
1 - 0% - 60%
2 - 0% - 40%
PK3 Defense
1 - 0% - 60%
2 - 0% - 40%
44 Forward
1 - 0% - 60%
2 - 0% - 40%
44 Defense
1 - 0% - 60%
2 - 0% - 40%
Last Minute Offensive  - 0:00
Last Minute Defensive  - 0:00
Total
Forward - 60:00
Defense - 60:00

% Time on Ice - Bruins

Lines # - Real PCT - Wanted PCT - Time Play
Normal Forward
1 - 32% - 40% - 14:49
2 - 26% - 30% - 11:59
3 - 22% - 20% - 10:07
4 - 19% - 10% - 8:50
Normal Defense
1 - 42% - 40% - 19:11
2 - 30% - 30% - 13:52
3 - 26% - 20% - 11:43
4 - 2% - 10% - 0:59
PP Forward
1 - 58% - 60% - 3:34
2 - 42% - 40% - 2:32
PP Defense
1 - 60% - 60% - 3:41
2 - 40% - 40% - 2:25
PK Forward
1 - 69% - 60% - 5:36
2 - 31% - 40% - 2:33
PK Defense
1 - 59% - 60% - 4:50
2 - 41% - 40% - 3:19
PK3 Forward
1 - 0% - 60%
2 - 0% - 40%
PK3 Defense
1 - 0% - 60%
2 - 0% - 40%
44 Forward
1 - 0% - 60%
2 - 0% - 40%
44 Defense
1 - 0% - 60%
2 - 0% - 40%
Last Minute Offensive  - 0:00
Last Minute Defensive  - 0:00
Total
Forward - 60:00
Defense - 60:00

Play by Play

1st period


0:01 of 1st period - Henrik Sedin wins face-off versus Derick Brassard in neutral zone.
0:26 of 1st period - Joni Pitkanen is hit by Andrew Alberts and loses puck.
0:58 of 1st period - Wrist shot by Niclas Bergfors.
0:58 of 1st period - Shot Misses the Net.
1:31 of 1st period - Wrist shot by Henrik Sedin.
1:31 of 1st period - Stopped by Jimmy Howard with a rebound.
1:33 of 1st period - Slapshot by Jarome Iginla.
1:33 of 1st period - Bruins goal is going for a video replay.
1:33 of 1st period - The goal is good.
1:33 of 1st period - Goal by Jarome Iginla - Blackhawks : 0 - Bruins : 1.
1:34 of 1st period - Henrik Sedin wins face-off versus Jonathan Toews in neutral zone.
1:45 of 1st period - Snap shot by Wojtek Wolski.
1:45 of 1st period - Shot Misses the Net.
1:47 of 1st period - Backhand shot by Henrik Sedin.
1:47 of 1st period - Stopped by Jimmy Howard without a rebound.
1:48 of 1st period - Daymond Langkow wins face-off versus Patrick Kaleta in Blackhawks zone.
2:03 of 1st period - Wrist shot by Victor Oreskovich.
2:03 of 1st period - Shot Misses the Net.
2:41 of 1st period - Wrist shot by Niclas Bergfors.
2:41 of 1st period - Deflect By Ryan Hollweg.
2:41 of 1st period - Shot Blocked by Nate Prosser.
2:41 of 1st period - Puck is out of play.
2:42 of 1st period - Brian Sutherby wins face-off versus Daymond Langkow in Bruins zone.
2:43 of 1st period - Slapshot by Joni Pitkanen.
2:43 of 1st period - Stopped by Roberto Luongo with a rebound.
2:53 of 1st period - Wrist shot by Matt Cooke.
2:53 of 1st period - Stopped by Jimmy Howard with a rebound.
4:12 of 1st period - Denis Grebeshkov is hit by Andrew Alberts and loses puck.
4:21 of 1st period - Snap shot by Oleg Saprykin.
4:21 of 1st period - Shot Misses the Net.
4:31 of 1st period - Jason Demers is hit by Antoine Roussel and loses puck.
4:38 of 1st period - Wrist shot by Antoine Roussel.
4:38 of 1st period - Stopped by Roberto Luongo without a rebound.
4:39 of 1st period - Henrik Sedin wins face-off versus Derick Brassard in Bruins zone.
4:39 of 1st period - Henrik Sedin is hit by Antoine Roussel.
4:42 of 1st period - Minor Penalty to Jarome Iginla for Hooking.
4:43 of 1st period - Derick Brassard wins face-off versus Wojtek Wolski in Bruins zone.
4:47 of 1st period - Wrist shot by Derick Brassard.
4:47 of 1st period - Goal by Derick Brassard - Blackhawks : 1 - Bruins : 1.
4:48 of 1st period - Henrik Sedin wins face-off versus Derick Brassard in neutral zone.
4:51 of 1st period - Derick Brassard is hit by Wojtek Wolski and loses puck.
5:18 of 1st period - Snap shot by Jonathan Toews.
5:18 of 1st period - Stopped by Roberto Luongo with a rebound.
5:20 of 1st period - Slapshot by Ian White.
5:20 of 1st period - Shot Blocked by Dave Bolland.
5:46 of 1st period - Snap shot by Tomas Fleischmann.
5:46 of 1st period - Stopped by Roberto Luongo with a rebound.
6:49 of 1st period - Andrew Alberts is hit by Denis Grebeshkov and loses puck.
7:13 of 1st period - Snap shot by Adam Pineault.
7:13 of 1st period - Stopped by Jimmy Howard with a rebound.
7:15 of 1st period - Slapshot by Nate Prosser.
7:15 of 1st period - Shot Blocked by Denis Grebeshkov.
7:17 of 1st period - Snap shot by Adam Pineault.
7:17 of 1st period - Stopped by Jimmy Howard with a rebound.
7:19 of 1st period - Slapshot by Nate Prosser.
7:19 of 1st period - Deflect By Denis Grebeshkov.
7:19 of 1st period - Stopped by Jimmy Howard without a rebound.
7:20 of 1st period - Derick Brassard wins face-off versus Henrik Sedin in Blackhawks zone.
7:20 of 1st period - Derick Brassard is hit by Henrik Sedin.
7:26 of 1st period - Snap shot by Henrik Sedin.
7:26 of 1st period - Stopped by Jimmy Howard without a rebound.
7:27 of 1st period - Derick Brassard wins face-off versus Henrik Sedin in Blackhawks zone.
7:27 of 1st period - Derick Brassard is hit by Jarome Iginla.
7:45 of 1st period - Minor Penalty to Nate Prosser for Roughing.
7:46 of 1st period - Derick Brassard wins face-off versus Wojtek Wolski in Bruins zone.
7:58 of 1st period - Wrist shot by Patrick Kane.
7:58 of 1st period - Shot Blocked by Andrew Alberts.
8:12 of 1st period - Henrik Sedin is hit by Ian White and loses puck.
9:45 of 1st period - Penalty to Nate Prosser is over, Nate Prosser is back on ice.
10:21 of 1st period - Oleg Saprykin is hit by Nate Prosser and loses puck.
10:50 of 1st period - Icing by Tomas Fleischmann.
10:51 of 1st period - Peter Regin wins face-off versus Dave Bolland in Blackhawks zone.
11:25 of 1st period - Wrist shot by Victor Oreskovich.
11:25 of 1st period - Stopped by Jimmy Howard without a rebound.
11:26 of 1st period - Daymond Langkow wins face-off versus Patrick Kane in Blackhawks zone.
11:35 of 1st period - Wrist shot by Victor Oreskovich.
11:35 of 1st period - Stopped by Jimmy Howard with a rebound.
11:39 of 1st period - Wrist shot by Victor Oreskovich.
11:39 of 1st period - Stopped by Jimmy Howard without a rebound.
11:40 of 1st period - Derick Brassard wins face-off versus Henrik Sedin in Blackhawks zone.
12:17 of 1st period - Off-side.
12:18 of 1st period - Jonathan Toews wins face-off versus Victor Oreskovich in neutral zone.
13:09 of 1st period - Slapshot by Tomas Fleischmann.
13:09 of 1st period - Shot Misses the Net.
13:11 of 1st period - Slapshot by Kurt Sauer.
13:11 of 1st period - Deflect By Peter Regin.
13:11 of 1st period - Stopped by Roberto Luongo without a rebound.
13:12 of 1st period - Henrik Sedin wins face-off versus Jonathan Toews in Bruins zone.
13:19 of 1st period - Snap shot by Wojtek Wolski.
13:19 of 1st period - Shot Misses the Net.
13:21 of 1st period - Snap shot by Wojtek Wolski.
13:21 of 1st period - Stopped by Jimmy Howard without a rebound.
13:22 of 1st period - Jonathan Toews wins face-off versus Henrik Sedin in Blackhawks zone.
13:31 of 1st period - Wrist shot by Wojtek Wolski.
13:31 of 1st period - Goal by Wojtek Wolski - Blackhawks : 1 - Bruins : 2.
13:32 of 1st period - Henrik Sedin wins face-off versus Derick Brassard in neutral zone.
13:37 of 1st period - Wrist shot by Jarome Iginla.
13:37 of 1st period - Shot Misses the Net.
13:39 of 1st period - Wrist shot by Wojtek Wolski.
13:39 of 1st period - Stopped by Jimmy Howard with a rebound.
13:41 of 1st period - Slapshot by Jason Demers.
13:41 of 1st period - Stopped by Jimmy Howard without a rebound.
13:42 of 1st period - Derick Brassard wins face-off versus Henrik Sedin in Blackhawks zone.
14:09 of 1st period - Snap shot by Wojtek Wolski.
14:09 of 1st period - Shot Blocked by Joni Pitkanen.
14:24 of 1st period - Backhand shot by Wojtek Wolski.
14:24 of 1st period - Shot Blocked by Ian White.
15:32 of 1st period - Snap shot by Jarome Iginla.
15:32 of 1st period - Stopped by Jimmy Howard with a rebound.
15:39 of 1st period - Snap shot by Wojtek Wolski.
15:39 of 1st period - Shot Misses the Net.
15:41 of 1st period - Wrist shot by Wojtek Wolski.
15:41 of 1st period - Goal by Wojtek Wolski - Blackhawks : 1 - Bruins : 3.
15:42 of 1st period - Jonathan Toews wins face-off versus Victor Oreskovich in neutral zone.
15:57 of 1st period - Denis Grebeshkov is hit by Matt Cooke and loses puck.
16:08 of 1st period - Wrist shot by Curtis Glencross.
16:08 of 1st period - Deflect By Erik Condra.
16:08 of 1st period - Shot Misses the Net.
16:08 of 1st period - Puck is out of play.
16:09 of 1st period - Matt Hendricks wins face-off versus Peter Regin in Blackhawks zone.
16:22 of 1st period - Backhand shot by Curtis Glencross.
16:22 of 1st period - Shot Misses the Net.
16:24 of 1st period - Minor Penalty to Dave Tanabe for Tripping.
16:25 of 1st period - Patrick Kane wins face-off versus Daymond Langkow in Blackhawks zone.
16:34 of 1st period - Joni Pitkanen is hit by Victor Oreskovich and loses puck.
17:46 of 1st period - Kurt Sauer is hit by Andrew Alberts and loses puck.
18:24 of 1st period - Penalty to Dave Tanabe is over, Dave Tanabe is back on ice.
18:56 of 1st period - Carson Mcmillan is hit by Matt Hendricks.
19:13 of 1st period - Icing by Jason Demers.
19:14 of 1st period - Jarome Iginla wins face-off versus Derick Brassard in Bruins zone.
19:35 of 1st period - Niclas Bergfors is hit by Justin Falk and loses puck.
Goals for this period are 1 for Blackhawks vs 3 for Bruins.
Shots for this period are 6 for Blackhawks vs 17 for Bruins.

2nd period


0:01 of 2nd period - Daymond Langkow wins face-off versus Jonathan Toews in neutral zone.
0:27 of 2nd period - Icing by Mark Stuart.
0:28 of 2nd period - Victor Oreskovich wins face-off versus Derick Brassard in Bruins zone.
0:30 of 2nd period - Icing by Matt Cooke.
0:31 of 2nd period - Derick Brassard wins face-off versus Henrik Sedin in Bruins zone.
0:36 of 2nd period - Snap shot by Patrick Kane.
0:36 of 2nd period - Stopped by Roberto Luongo without a rebound.
0:37 of 2nd period - Jonathan Toews wins face-off versus Henrik Sedin in Bruins zone.
0:46 of 2nd period - Slapshot by Niclas Bergfors.
0:46 of 2nd period - Shot Misses the Net.
0:48 of 2nd period - Backhand shot by Denis Grebeshkov.
0:48 of 2nd period - Stopped by Roberto Luongo without a rebound.
0:49 of 2nd period - Derick Brassard wins face-off versus Daymond Langkow in Bruins zone.
0:50 of 2nd period - Wrist shot by Patrick Kane.
0:50 of 2nd period - Goal by Patrick Kane - Blackhawks : 2 - Bruins : 3.
0:51 of 2nd period - Derick Brassard wins face-off versus Daymond Langkow in neutral zone.
0:58 of 2nd period - Jason Demers is hit by Joni Pitkanen and loses puck.
1:17 of 2nd period - Antoine Roussel is hit by Andrew Alberts.
1:23 of 2nd period - Snap shot by Joni Pitkanen.
1:23 of 2nd period - Shot Misses the Net.
1:25 of 2nd period - Slapshot by Derick Brassard.
1:25 of 2nd period - Shot Blocked by Viktor Stalberg.
1:27 of 2nd period - Slapshot by Antoine Roussel.
1:27 of 2nd period - Shot Misses the Net.
1:29 of 2nd period - Slapshot by Kurt Sauer.
1:29 of 2nd period - Stopped by Roberto Luongo without a rebound.
1:30 of 2nd period - Daymond Langkow wins face-off versus Jonathan Toews in Bruins zone.
1:45 of 2nd period - Snap shot by Matt Cooke.
1:45 of 2nd period - Shot Misses the Net.
1:55 of 2nd period - Tomas Fleischmann is hit by Jarome Iginla and loses puck.
2:53 of 2nd period - Snap shot by Dave Bolland.
2:53 of 2nd period - Deflect By Viktor Stalberg.
2:53 of 2nd period - Shot Blocked by Ian White.
2:53 of 2nd period - Puck is out of play.
2:54 of 2nd period - Derick Brassard wins face-off versus Daymond Langkow in Blackhawks zone.
3:20 of 2nd period - Jarome Iginla is hit by Peter Regin and loses puck.
3:35 of 2nd period - Minor Penalty to Wojtek Wolski for Roughing.
3:36 of 2nd period - Curtis Glencross wins face-off versus Derick Brassard in Bruins zone.
3:47 of 2nd period - Snap shot by Patrick Kane.
3:47 of 2nd period - Stopped by Roberto Luongo with a rebound.
3:49 of 2nd period - Slapshot by Joni Pitkanen.
3:49 of 2nd period - Shot Misses the Net.
3:51 of 2nd period - Slapshot by Ian White.
3:51 of 2nd period - Stopped by Roberto Luongo without a rebound.
3:52 of 2nd period - Curtis Glencross wins face-off versus Derick Brassard in Bruins zone.
3:52 of 2nd period - Curtis Glencross is hit by Joni Pitkanen.
4:02 of 2nd period - Snap shot by Patrick Kane.
4:02 of 2nd period - Shot Blocked by Andrew Alberts.
4:04 of 2nd period - Slapshot by Joni Pitkanen.
4:04 of 2nd period - Stopped by Roberto Luongo without a rebound.
4:05 of 2nd period - Curtis Glencross wins face-off versus Derick Brassard in Bruins zone.
5:00 of 2nd period - Slapshot by Andrew Alberts.
5:00 of 2nd period - Deflect By Victor Oreskovich.
5:00 of 2nd period - Shot Misses the Net.
5:00 of 2nd period - Puck is out of play.
5:01 of 2nd period - Jarome Iginla wins face-off versus Derick Brassard in Blackhawks zone.
5:05 of 2nd period - Icing by Antoine Roussel.
5:06 of 2nd period - Derick Brassard wins face-off versus Jarome Iginla in Blackhawks zone.
5:10 of 2nd period - Off-side.
5:11 of 2nd period - Derick Brassard wins face-off versus Curtis Glencross in neutral zone.
5:35 of 2nd period - Penalty to Wojtek Wolski is over, Wojtek Wolski is back on ice.
6:22 of 2nd period - Snap shot by Patrick Kane.
6:22 of 2nd period - Shot Blocked by Matt Hendricks.
6:46 of 2nd period - Snap shot by Dave Bolland.
6:46 of 2nd period - Stopped by Jimmy Howard with a rebound.
7:00 of 2nd period - Kurt Sauer is hit by Matt Cooke and loses puck.
7:05 of 2nd period - Snap shot by Matt Cooke.
7:05 of 2nd period - Stopped by Jimmy Howard without a rebound.
7:06 of 2nd period - Derick Brassard wins face-off versus Daymond Langkow in Blackhawks zone.
7:16 of 2nd period - Minor Penalty to Victor Oreskovich for Interference.
7:17 of 2nd period - Wojtek Wolski wins face-off versus Derick Brassard in Bruins zone.
7:43 of 2nd period - Wojtek Wolski is hit by Niclas Bergfors and loses puck.
8:22 of 2nd period - Patrick Kane is hit by Jarome Iginla.
9:16 of 2nd period - Penalty to Victor Oreskovich is over, Victor Oreskovich is back on ice.
10:01 of 2nd period - Ian White is hit by Matt Hendricks and loses puck.
10:31 of 2nd period - Wrist shot by Carson Mcmillan.
10:31 of 2nd period - Shot Blocked by Mark Stuart.
10:51 of 2nd period - Justin Falk is hit by Ryan Hollweg and loses puck.
12:06 of 2nd period - Off-side.
12:07 of 2nd period - Daymond Langkow wins face-off versus Peter Regin in neutral zone.
12:16 of 2nd period - Snap shot by Matt Cooke.
12:16 of 2nd period - Deflect By Ian White.
12:16 of 2nd period - Shot Blocked by Patrick Kaleta.
12:16 of 2nd period - Puck is out of play.
12:17 of 2nd period - Derick Brassard wins face-off versus Henrik Sedin in Blackhawks zone.
13:32 of 2nd period - Backhand shot by Derick Brassard.
13:32 of 2nd period - Shot Misses the Net.
13:56 of 2nd period - Snap shot by Wojtek Wolski.
13:56 of 2nd period - Shot Misses the Net.
14:51 of 2nd period - Snap shot by Wojtek Wolski.
14:51 of 2nd period - Stopped by Jimmy Howard with a rebound.
15:07 of 2nd period - Slapshot by Patrick Kaleta.
15:07 of 2nd period - Shot Misses the Net.
15:13 of 2nd period - Ian White is hit by Matt Hendricks and loses puck.
15:29 of 2nd period - Oleg Saprykin is hit by Matt Cooke and loses puck.
15:44 of 2nd period - Niclas Bergfors is hit by Viktor Stalberg.
15:53 of 2nd period - Nate Prosser is hit by Niclas Bergfors and loses puck.
16:06 of 2nd period - Patrick Kaleta is hit by Henrik Sedin and loses puck.
16:37 of 2nd period - Matt Cooke is hit by Derick Brassard and loses puck.
16:48 of 2nd period - Daymond Langkow is hit by Tomas Fleischmann and loses puck.
17:07 of 2nd period - Brian Sutherby is hit by Viktor Stalberg and loses puck.
17:16 of 2nd period - Snap shot by Viktor Stalberg.
17:16 of 2nd period - Shot Misses the Net.
17:18 of 2nd period - Wrist shot by Adam Pineault.
17:18 of 2nd period - Shot Misses the Net.
17:34 of 2nd period - Minor Penalty to Henrik Sedin for Roughing.
17:35 of 2nd period - Derick Brassard wins face-off versus Wojtek Wolski in Bruins zone.
17:36 of 2nd period - Snap shot by Patrick Kane.
17:36 of 2nd period - Shot Misses the Net.
17:38 of 2nd period - Slapshot by Kurt Sauer.
17:38 of 2nd period - Shot Blocked by Andrew Alberts.
17:40 of 2nd period - Slapshot by Kurt Sauer.
17:40 of 2nd period - Shot Blocked by Andrew Alberts.
17:42 of 2nd period - Slapshot by Denis Grebeshkov.
17:42 of 2nd period - Goal by Denis Grebeshkov - Blackhawks : 3 - Bruins : 3.
17:43 of 2nd period - Henrik Sedin wins face-off versus Derick Brassard in neutral zone.
17:52 of 2nd period - Snap shot by Wojtek Wolski.
17:52 of 2nd period - Stopped by Jimmy Howard with a rebound.
17:54 of 2nd period - Slapshot by Henrik Sedin.
17:54 of 2nd period - Stopped by Jimmy Howard with a rebound.
17:56 of 2nd period - Wrist shot by Jason Demers.
17:56 of 2nd period - Deflect By Wojtek Wolski.
17:56 of 2nd period - Goal by Wojtek Wolski - Blackhawks : 3 - Bruins : 4.
17:57 of 2nd period - Henrik Sedin wins face-off versus Derick Brassard in neutral zone.
18:11 of 2nd period - Wrist shot by Henrik Sedin.
18:11 of 2nd period - Stopped by Jimmy Howard without a rebound.
18:12 of 2nd period - Jonathan Toews wins face-off versus Matt Cooke in Blackhawks zone.
18:15 of 2nd period - Snap shot by Matt Cooke.
18:15 of 2nd period - Deflect By Daymond Langkow.
18:15 of 2nd period - Stopped by Jimmy Howard with a rebound.
18:17 of 2nd period - Slapshot by Andrew Alberts.
18:17 of 2nd period - Shot Blocked by Kurt Sauer.
18:19 of 2nd period - Slapshot by Andrew Alberts.
18:19 of 2nd period - Deflect By Matt Cooke.
18:19 of 2nd period - Goal by Matt Cooke - Blackhawks : 3 - Bruins : 5.
18:20 of 2nd period - Henrik Sedin wins face-off versus Patrick Kane in neutral zone.
18:26 of 2nd period - Minor Penalty to Joni Pitkanen for Hooking.
18:27 of 2nd period - Henrik Sedin wins face-off versus Patrick Kane in Blackhawks zone.
18:34 of 2nd period - Snap shot by Henrik Sedin.
18:34 of 2nd period - Stopped by Jimmy Howard with a rebound.
18:36 of 2nd period - Slapshot by Jason Demers.
18:36 of 2nd period - Shot Hit the Post.
18:38 of 2nd period - Wrist shot by Jarome Iginla.
18:38 of 2nd period - Shot Misses the Net.
18:40 of 2nd period - Slapshot by Jason Demers.
18:40 of 2nd period - Shot Blocked by Derick Brassard.
18:42 of 2nd period - Wrist shot by Wojtek Wolski.
18:42 of 2nd period - Shot Misses the Net.
18:56 of 2nd period - Patrick Kane is hit by Matt Cooke.
Goals for this period are 2 for Blackhawks vs 2 for Bruins.
Shots for this period are 8 for Blackhawks vs 10 for Bruins.

3rd period


0:01 of 3rd period - Patrick Kane wins face-off versus Henrik Sedin in neutral zone.
0:12 of 3rd period - Ian White is hit by Wojtek Wolski.
0:26 of 3rd period - Penalty to Joni Pitkanen is over, Joni Pitkanen is back on ice.
0:52 of 3rd period - Wrist shot by Jonathan Toews.
0:52 of 3rd period - Stopped by Roberto Luongo without a rebound.
0:53 of 3rd period - Henrik Sedin wins face-off versus Jonathan Toews in Bruins zone.
1:20 of 3rd period - Wrist shot by Jonathan Toews.
1:20 of 3rd period - Shot Misses the Net.
1:32 of 3rd period - Snap shot by Niclas Bergfors.
1:32 of 3rd period - Stopped by Roberto Luongo without a rebound.
1:33 of 3rd period - Matt Cooke wins face-off versus Derick Brassard in Bruins zone.
1:38 of 3rd period - Patrick Kane is hit by Daymond Langkow and loses puck.
3:03 of 3rd period - Antoine Roussel is hit by Jason Demers and loses puck.
4:07 of 3rd period - Slapshot by Nate Prosser.
4:07 of 3rd period - Shot Blocked by Joni Pitkanen.
4:11 of 3rd period - Wrist shot by Erik Condra.
4:11 of 3rd period - Stopped by Jimmy Howard with a rebound.
4:13 of 3rd period - Wrist shot by Curtis Glencross.
4:13 of 3rd period - Deflect By Erik Condra.
4:13 of 3rd period - Shot Blocked by Joni Pitkanen.
4:13 of 3rd period - Puck is out of play.
4:14 of 3rd period - Derick Brassard wins face-off versus Daymond Langkow in Blackhawks zone.
4:14 of 3rd period - Derick Brassard is hit by Jason Demers.
4:45 of 3rd period - Slapshot by Henrik Sedin.
4:45 of 3rd period - Stopped by Jimmy Howard without a rebound.
4:46 of 3rd period - Henrik Sedin wins face-off versus Jonathan Toews in Blackhawks zone.
4:52 of 3rd period - Minor Penalty to Denis Grebeshkov for Hooking.
4:53 of 3rd period - Henrik Sedin wins face-off versus Derick Brassard in Blackhawks zone.
5:01 of 3rd period - Wrist shot by Henrik Sedin.
5:01 of 3rd period - Goal by Henrik Sedin - Blackhawks : 3 - Bruins : 6.
5:02 of 3rd period - Henrik Sedin wins face-off versus Derick Brassard in neutral zone.
5:49 of 3rd period - Ian White is hit by Erik Condra and loses puck.
5:54 of 3rd period - Wrist shot by Matt Hendricks.
5:54 of 3rd period - Shot Misses the Net.
5:56 of 3rd period - Slapshot by Erik Condra.
5:56 of 3rd period - Stopped by Jimmy Howard without a rebound.
5:57 of 3rd period - Henrik Sedin wins face-off versus Jonathan Toews in Blackhawks zone.
6:00 of 3rd period - Slapshot by Jarome Iginla.
6:00 of 3rd period - Stopped by Jimmy Howard without a rebound.
6:01 of 3rd period - Jonathan Toews wins face-off versus Jarome Iginla in Blackhawks zone.
6:34 of 3rd period - Snap shot by Victor Oreskovich.
6:34 of 3rd period - Shot Blocked by Denis Grebeshkov.
6:48 of 3rd period - Peter Regin is hit by Matt Hendricks and loses puck.
8:13 of 3rd period - Wrist shot by Antoine Roussel.
8:13 of 3rd period - Shot Misses the Net.
8:15 of 3rd period - Snap shot by Dave Tanabe.
8:15 of 3rd period - Stopped by Roberto Luongo with a rebound.
8:17 of 3rd period - Slapshot by Joni Pitkanen.
8:17 of 3rd period - Shot Blocked by Nate Prosser.
8:27 of 3rd period - Slapshot by Keaton Ellerby.
8:27 of 3rd period - Stopped by Jimmy Howard with a rebound.
8:29 of 3rd period - Wrist shot by Viktor Stalberg.
8:29 of 3rd period - Stopped by Jimmy Howard without a rebound.
8:30 of 3rd period - Jonathan Toews wins face-off versus Dave Bolland in Blackhawks zone.
8:35 of 3rd period - Snap shot by Viktor Stalberg.
8:35 of 3rd period - Stopped by Jimmy Howard without a rebound.
8:36 of 3rd period - Derick Brassard wins face-off versus Henrik Sedin in Blackhawks zone.
8:43 of 3rd period - Slapshot by Derick Brassard.
8:43 of 3rd period - Shot Misses the Net.
8:45 of 3rd period - Slapshot by Derick Brassard.
8:45 of 3rd period - Stopped by Roberto Luongo with a rebound.
8:47 of 3rd period - Snap shot by Antoine Roussel.
8:47 of 3rd period - Deflect By Derick Brassard.
8:47 of 3rd period - Stopped by Roberto Luongo with a rebound.
8:49 of 3rd period - Slapshot by Ian White.
8:49 of 3rd period - Shot Blocked by Henrik Sedin.
8:51 of 3rd period - Snap shot by Ian White.
8:51 of 3rd period - Stopped by Roberto Luongo without a rebound.
8:52 of 3rd period - Jonathan Toews wins face-off versus Daymond Langkow in Bruins zone.
9:00 of 3rd period - Minor Penalty to Victor Oreskovich for Slashing.
9:01 of 3rd period - Wojtek Wolski wins face-off versus Derick Brassard in Bruins zone.
9:32 of 3rd period - Andrew Alberts is hit by Niclas Bergfors and loses puck.
10:15 of 3rd period - Patrick Kane is hit by Dave Bolland and loses puck.
11:00 of 3rd period - Penalty to Victor Oreskovich is over, Victor Oreskovich is back on ice.
11:04 of 3rd period - Wrist shot by Dave Bolland.
11:04 of 3rd period - Stopped by Jimmy Howard without a rebound.
11:05 of 3rd period - Patrick Kaleta wins face-off versus Daymond Langkow in Blackhawks zone.
11:14 of 3rd period - Snap shot by Peter Regin.
11:14 of 3rd period - Stopped by Roberto Luongo with a rebound.
11:16 of 3rd period - Backhand shot by Dave Tanabe.
11:16 of 3rd period - Stopped by Roberto Luongo without a rebound.
11:17 of 3rd period - Daymond Langkow wins face-off versus Peter Regin in Bruins zone.
11:21 of 3rd period - Mark Stuart is hit by Kurt Sauer and loses puck.
11:24 of 3rd period - Minor Penalty to Peter Regin for Tripping.
11:25 of 3rd period - Henrik Sedin wins face-off versus Derick Brassard in Blackhawks zone.
11:32 of 3rd period - Snap shot by Henrik Sedin.
11:32 of 3rd period - Deflect By Wojtek Wolski.
11:32 of 3rd period - Stopped by Jimmy Howard without a rebound.
11:33 of 3rd period - Henrik Sedin wins face-off versus Patrick Kane in Blackhawks zone.
13:24 of 3rd period - Penalty to Peter Regin is over, Peter Regin is back on ice.
13:24 of 3rd period - Jason Demers is hit by Patrick Kaleta and loses puck.
13:41 of 3rd period - Snap shot by Peter Regin.
13:41 of 3rd period - Deflect By Andrew Alberts.
13:41 of 3rd period - Shot Misses the Net.
13:41 of 3rd period - Puck is out of play.
13:42 of 3rd period - Dave Bolland wins face-off versus Jonathan Toews in Bruins zone.
14:42 of 3rd period - Wrist shot by Matt Cooke.
14:42 of 3rd period - Stopped by Jimmy Howard with a rebound.
15:36 of 3rd period - Snap shot by Patrick Kaleta.
15:36 of 3rd period - Stopped by Roberto Luongo without a rebound.
15:37 of 3rd period - Dave Bolland wins face-off versus Ryan Hollweg in Bruins zone.
16:02 of 3rd period - Wojtek Wolski is hit by Derick Brassard and loses puck.
16:11 of 3rd period - Wrist shot by Derick Brassard.
16:11 of 3rd period - Deflect By Jarome Iginla.
16:11 of 3rd period - Shot Blocked by Jarome Iginla.
16:11 of 3rd period - Puck is out of play.
16:12 of 3rd period - Daymond Langkow wins face-off versus Derick Brassard in Bruins zone.
16:17 of 3rd period - Wrist shot by Patrick Kane.
16:17 of 3rd period - Shot Misses the Net.
17:17 of 3rd period - Snap shot by Brian Sutherby.
17:17 of 3rd period - Stopped by Roberto Luongo without a rebound.
17:18 of 3rd period - Matt Hendricks wins face-off versus Brian Sutherby in Bruins zone.
17:54 of 3rd period - Wrist shot by Joni Pitkanen.
17:54 of 3rd period - Shot Misses the Net.
18:00 of 3rd period - Slapshot by Ian White.
18:00 of 3rd period - Shot Hit the Post.
18:02 of 3rd period - Wrist shot by Carson Mcmillan.
18:02 of 3rd period - Stopped by Roberto Luongo with a rebound.
18:04 of 3rd period - Wrist shot by Oleg Saprykin.
18:04 of 3rd period - Shot Misses the Net.
18:22 of 3rd period - Oleg Saprykin is hit by Andrew Alberts.
18:30 of 3rd period - Slapshot by Andrew Alberts.
18:30 of 3rd period - Shot Blocked by Brian Sutherby.
18:54 of 3rd period - Icing by Andrew Alberts.
18:55 of 3rd period - Derick Brassard wins face-off versus Matt Hendricks in Bruins zone.
19:06 of 3rd period - Slapshot by Derick Brassard.
19:06 of 3rd period - Stopped by Roberto Luongo with a rebound.
19:45 of 3rd period - Slapshot by Curtis Glencross.
19:45 of 3rd period - Shot Misses the Net.
19:51 of 3rd period - Snap shot by Matt Hendricks.
19:51 of 3rd period - Stopped by Jimmy Howard with a rebound.
19:53 of 3rd period - Slapshot by Matt Hendricks.
19:53 of 3rd period - Stopped by Jimmy Howard with a rebound.
19:55 of 3rd period - Slapshot by Andrew Alberts.
19:55 of 3rd period - Shot Blocked by Patrick Kaleta.
19:57 of 3rd period - Snap shot by Erik Condra.
19:57 of 3rd period - Stopped by Jimmy Howard without a rebound.
19:58 of 3rd period - Henrik Sedin wins face-off versus Derick Brassard in Blackhawks zone.
Goals for this period are 0 for Blackhawks vs 1 for Bruins.
Shots for this period are 12 for Blackhawks vs 14 for Bruins.